 Dungeon Crawl Stone Soup version 0.27-a0-1232-gc6a4cbde82 (webtiles) character file.

Game seed: 4837312917115716914

14 pokeman the Magician (level 2, -9/16 HPs)
             Began as a Deep Elf Hedge Wizard on June 8, 2021.
             Mangled by a gnoll
             ... wielding a +0 flail
              (13 damage)
             ... on level 1 of the Dungeon.
             The game lasted 00:01:04 (995 turns).

pokeman the Magician (Deep Elf Hedge Wizard)         Turns: 995, Time: 00:01:04

Health: -9/16      AC:  2    Str:  7    XL:     2   Next: 27%
Magic:  6/9        EV: 12    Int: 18    God:
Gold:   66         SH:  0    Dex: 14    Spells: 9/10 levels left

rFire    . . .     SeeInvis .   a - +0 dagger
rCold    . . .     Faith    .   (no shield)
rNeg     . . .     Spirit   .   b - +0 robe
rPois    .         Reflect  .   c - +0 hat
rElec    .         Harm     .   (no cloak)
rCorr    .         Rampage  .   (no gloves)
Will     .....                  (no boots)
Stlth    ++........             (no amulet)
HPRegen  0.05/turn              (no ring)
MPRegen  0.11/turn              (no ring)

@: no status effects
A: no striking features
a: no special abilities


You were on level 1 of the Dungeon.
You visited 1 branch of the dungeon, and saw 2 of its levels.

You collected 66 gold pieces.

Inventory:

Hand Weapons
 a - a +0 dagger (weapon)
Missiles
 h - 26 bolts
 j - 2 atropa-tipped darts
Armour
 b - a +0 robe (worn)
 c - a +0 hat (worn)
Jewellery
 e - a ring of poison resistance
Scrolls
 d - a scroll of noise {unknown}
 g - a scroll of blinking {unknown}
 i - 2 scrolls of acquirement {unknown}
 k - a scroll of identify {unknown}
Potions
 f - a potion of invisibility {unknown}


   Skills:
 + Level 0.4 Fighting
 + Level 0.4 Armour
 - Level 2.4 Dodging
 - Level 2.4 Stealth
 * Level 4.8 Spellcasting
 + Level 1.4 Conjurations
 - Level 1.1 Summonings
 - Level 1.1 Translocations


You had 9 spell levels left.
You knew the following spells:

 Your Spells              Type           Power      Damage    Failure   Level
a - Magic Dart            Conj           36%        1d4       8%          1

Your spell library contained the following spells:

 Spells                   Type           Power      Damage    Failure   Level
 Blink                    Tloc           N/A        N/A       13%         2
 Call Imp                 Summ           8%         N/A       13%         2
 Slow                     Hex            4%         N/A       21%         2
 Gell's Gravitas          Tloc           4%         N/A       26%         3
 Conjure Flame            Conj/Fire      6%         6-21      30%         3
 Mephitic Cloud           Conj/Pois/Air  6%         N/A       32%         3
 Confusing Touch          Hex            4%         N/A       38%         3
 Petrify                  Tmut/Erth      4%         N/A       80%         4
 Metabolic Englaciation   Hex/Ice        2%         N/A       98%         5
 Yara's Violent Unravell  Hex/Tmut       2%         3d3       98%         5


Dungeon Overview and Level Annotations

Branches:
Dungeon (2/15)

Altars:


Message History

Confirm with . or Enter, or press ? or * to list all spells.
Aiming: Magic Dart (safe; 8% risk of failure)
Press: ? - help, Shift-Dir - straight line, f/p - gnoll
Aim: a gnoll, wielding a +0 flail (100% to hit)
The magic dart hits the gnoll.
The gnoll is lightly wounded.
The gnoll hits you from afar with a +0 halberd.
You climb upwards.
There is a stone staircase leading down here.
Your magical contamination has completely faded away.
Casting: Magic Dart (safe; 8% risk of failure)
Confirm with . or Enter, or press ? or * to list all spells.
Aiming: Magic Dart (safe; 8% risk of failure)
Press: ? - help, Shift-Dir - straight line, f - gnoll
Aim: a gnoll, wielding a +0 flail (100% to hit)
The magic dart hits the gnoll.
The gnoll is moderately wounded.
The gnoll closely misses you.
Sorry, you're not good enough to have a special ability.
Unknown command.
Casting: Magic Dart (safe; 8% risk of failure)
Confirm with . or Enter, or press ? or * to list all spells.
Aiming: Magic Dart (safe; 8% risk of failure)
Press: ? - help, Shift-Dir - straight line, f/p - gnoll
Aim: a gnoll, wielding a +0 flail (moderately wounded, 100% to hit)
The magic dart hits the gnoll.
The gnoll is heavily wounded.
The gnoll hits you with a +0 flail!
Ouch! That really hurt!
* * * LOW HITPOINT WARNING * * *
Casting: Magic Dart (safe; 8% risk of failure)
Confirm with . or Enter, or press ? or * to list all spells.
Aiming: Magic Dart (safe; 8% risk of failure)
Press: ? - help, Shift-Dir - straight line, f/p - gnoll
Aim: a gnoll, wielding a +0 flail (heavily wounded, 100% to hit)
The magic dart hits the gnoll.
The gnoll is severely wounded.
The gnoll hits you with a +0 flail!
Ouch! That really hurt!
You die...

#### ...# #######
##.###########.....##########
.....>.......#..............#
##.######..........########.##
#.# #.##.#.....#######...##
#.# #.##.#..@g............#
#.# #.##...####.######....#
##.######.#.###.# #.# ##.#.#
............# #.# #รท# #.#.#
##.######.#.###.###.# #.#.#
#.# #.##........# #.#.### #.#
#.###.####### #.#...# #.# #.#
#.# #.###.# #.# #.# #.# #.#
#.#


You could see a gnoll.

Vanquished Creatures
  An endoplasm (D:1)
  2 goblins (D:1)
  2 hobgoblins (D:1)
  A quokka (D:1)
  2 ball pythons (D:1)
  A frilled lizard (D:1)
  3 kobolds (D:1)
12 creatures vanquished.

Notes
Turn   | Place    | Note
-------+----------+-------------------------------------------
     0 | D:1      | pokeman the Deep Elf Hedge Wizard began the quest for the
                  | Orb.
     0 | D:1      | Reached XP level 1. HP: 10/10 MP: 7/7
   516 | D:1      | Reached XP level 2. HP: 15/15 MP: 6/9
   578 | D:1      | Found a faded altar of an unknown god.
   995 | D:1      | Mangled by a gnoll

Illustrated notes

Levels and vault maps discovered:
D:1:      evilmike_arrival_rings, layout_loops_ring, basic_ecumenical_altar
D:2:      layout_basic, serial_shops, nicolae_shop_crystal

Action                   || total
-------------------------++-------
 Cast: Magic Dart        ||    34
Dodge: Dodged            ||     2

Table legend: (Time is in decaauts)
 A = Elapsed time spent in this place.
 B = Non-inter-level travel time spent in this place.
 C = Inter-level travel time spent in this place.
 D = Time resting spent in this place.
 E = Time spent auto-exploring this place.
 F = Levels seen in this place.
 G = Mean time per level.
                   A        B        C        D        E       F      G
               +--------+--------+--------+--------+--------+-----+--------+
         Total |    995 |    969 |     26 |      0 |    877 |   2 |  497.5 |
       Dungeon |    995 |    969 |     26 |      0 |    877 |   2 |  497.5 |
               +--------+--------+--------+--------+--------+-----+--------+

Top non-repeatable levels by time:
     D:1: 990 daAuts
     D:2: 4 daAuts
